 Dungeon Crawl Stone Soup version 0.28.0-53-g5a82cb258f (console) character file.

Game seed: 16034263478229045608

1076 erker the Slasher (level 8, -1/58 HPs)
             Began as a Formicid Monk on June 24, 2022.
             Was a Priest of Wu Jian.
             Slain by an orc priest
             ... wielding a +0 morningstar
              (5 damage)
             ... on level 7 of the Dungeon.
             The game lasted 00:27:11 (7956 turns).

erker the Slasher (Formicid Monk)                   Turns: 7956, Time: 00:27:12

Health: -1/58      AC:  8    Str: 19    XL:     8   Next: 54%
Magic:  8/8        EV: 13    Int:  9    God:    Wu Jian [***...]
Gold:   280        SH:  5    Dex: 13    Spells: 7/7 levels left

rFire   . . .      SeeInvis +   a - +0 falchion
rCold   . . .      Faith    .   (no shield)
rNeg    . . .      Spirit   .   i - +0 ring mail
rPois   .          Reflect  +   (helmet unavailable)
rElec   .          Harm     .   C - +1 cloak
rCorr   .          Rampage  .   (no gloves)
Will    .....                   (no boots)
Stlth   +.........              y - amulet of reflection
HPRegen 0.19/turn               (no ring)
MPRegen 0.11/turn               (no ring)

@: studying Armour
A: permanent stasis, dig shafts and tunnels, antennae 3, four strong arms
a: Dig, Shaft Self, Renounce Religion, Wall Jump, Serpent's Lash


You were on level 7 of the Dungeon.
You worshipped Wu Jian.
Wu Jian was most pleased with you.
You visited 1 branch of the dungeon, and saw 9 of its levels.

You collected 280 gold pieces.

Inventory:

Hand Weapons
 a - a +0 falchion (weapon)
 k - a +0 short sword
 r - a +2 dagger of flaming
Missiles
 g - 4 boomerangs of dispersal
 l - 3 javelins
 o - 49 bolts
 t - 5 atropa-tipped darts
 A - 9 poisoned darts
Armour
 b - a +0 robe
 h - a +0 buckler
 i - a +0 ring mail (worn)
 s - the +0 helmet "Cuseig" {+Inv rC+ Dex+3}
   (You took it off Robin on level 3 of the Dungeon)

   Dex:       It affects your dexterity (+3).
   rC:        It protects you from cold.
   +Inv:      It lets you turn invisible.
 C - a +1 cloak (worn)
 H - an orb of mayhem
Magical Staves
 x - a staff of poison
Jewellery
 y - an amulet of reflection (around neck)
 B - a ring of fire
Wands
 u - a wand of polymorph (9)
 z - a wand of flame (23)
Scrolls
 c - a scroll of enchant weapon {unknown}
 d - 3 scrolls of noise {unknown}
 m - a scroll of amnesia {unknown}
 q - a scroll of fog {unknown}
 v - a scroll of teleportation {unknown}
 D - a scroll of fear {unknown}
 F - a scroll of summoning {unknown}
Potions
 e - 3 potions of curing {unknown}
 f - a potion of lignification {unknown}
 j - 3 potions of degeneration {unknown}
 n - 2 potions of cancellation {unknown}
 p - a potion of flight {unknown}
 w - 2 potions of attraction {unknown}
 E - a potion of brilliance {unknown}
 G - a potion of might {unknown}


   Skills:
 - Level 3.2 Fighting
 + Level 7.5 Long Blades
 - Level 4.0 Armour
 - Level 6.0 Dodging
 - Level 2.4 Stealth


You had 7 spell levels left.
You didn't know any spells.
Your spell library contained the following spells:

 Spells                   Type           Power      Damage    Failure   Level
 Slow                     Hex            0%         N/A       56%         1
 Summon Small Mammal      Summ           0%         N/A       56%         1
 Sublimation of Blood     Necr           0%         N/A       71%         2
 Call Canine Familiar     Summ           0%         N/A       90%         3
 Confusing Touch          Hex            0%         N/A       90%         3
 Summon Guardian Golem    Hex/Summ       0%         N/A       90%         3
 Vampiric Draining        Necr           0%         2d6       90%         3
 Fulminant Prism          Conj/Hex       0%         3d6       100%        4
 Iskenderun's Mystic Bla  Conj/Tloc      0%         2d3       100%        4
 Petrify                  Tmut/Erth      0%         N/A       100%        4
 Blade Hands              Tmut           0%         N/A       100%        5
 Fireball                 Conj/Fire      0%         3d3       100%        5
 Irradiate                Conj/Tmut      0%         3d14      100%        5
 Iskenderun's Battlesphe  Conj           0%         2d6       100%        5
 Lee's Rapid Deconstruct  Erth           0%         3d5*      100%        5
 Conjure Ball Lightning   Conj/Air       0%         3x3d6     100%        6
 Dragon Form              Tmut           0%         N/A       100%        7
 Orb of Destruction       Conj           0%         9d5       100%        7


Dungeon Overview and Level Annotations

Branches:
Dungeon (9/15)             Temple (0/1) D:6
   Lair: D:8-11         Orc: D:9-12

Altars:
Cheibriados
Gozag
Hepliaklqana
Qazlal
Sif Muna
Wu Jian

Shops:
D:2 (   D:6 (

Annotations:
D:4 Edmund


Innate Abilities, Weirdness & Mutations

You cannot be hasted, slowed, berserked, paralysed or teleported.
You can dig through walls and to a lower floor.
You have a pair of large antennae on your head. (SInv)
Your four strong arms can wield two-handed weapons with a shield.


Message History

The orc priest hits you with a +0 morningstar!
You hit the orc priest but do no damage.
The orc priest is lightly wounded.
The orc wizard barely misses you.
The orc priest hits you with a +0 morningstar!
* * * LOW HITPOINT WARNING * * *
You closely miss the orc priest.
The orc priest is lightly wounded.
The orc wizard hits you but does no damage.
The orc priest hits you with a +0 morningstar!
* * * LOW HITPOINT WARNING * * *
Aiming: Wall Jump
Press: ? - help, Dir - move target You repeatedly attack the orc priest from above.
You barely miss the orc priest.
The orc priest is lightly wounded.
You hit the orc priest but do no damage.
The orc priest is lightly wounded.
You repeatedly attack the orc wizard from above.
You hit the orc wizard.
The orc wizard is lightly wounded.
You slash the orc wizard!
The orc wizard is heavily wounded.
You block the orc wizard's attack.
The orc priest hits you but does no damage.
The orc priest casts a cantrip, but nothing happens.
Aiming: Wall Jump
Press: ? - help, Dir - move target You repeatedly attack the orc priest from above.
You closely miss the orc priest.
The orc priest is lightly wounded.
You barely miss the orc priest.
The orc priest is lightly wounded.
You repeatedly attack the orc wizard from above.
You hit the orc wizard.
The orc wizard is almost dead.
You barely miss the orc wizard.
The orc wizard is almost dead.
The orc priest hits you with a +0 morningstar.
You die...

......................
......................
..................#...
#......##..###..#..# ##
#..........###..^..###...
...........##)..#..#....
............##..#......
##..........#..○○°.#..
.....###.(..####@o.# .
.....###.....####o##
.......<........oo#
............)....##
...###...........# ..#
#............#
..............#
..............##
............o..#


You could see an orc priest, an orc wizard (invisible) and an orc.

Vanquished Creatures
  A sky beast (D:5)
  A necrophage (D:6)
  A black bear (D:6)
  A centaur (D:7)
  A wyvern zombie (D:6)
  A wyvern skeleton (D:7)
  2 bullfrog zombies
  A hound (D:4)
  A jelly (D:6)
  4 orc priests
  2 centaur skeletons (D:5)
  2 iguanas (D:6)
  Ijyb (D:4)
  Robin (D:3)
  2 howler monkey zombies
  4 gnolls (D:2)
  3 adders
  2 white imps
  2 worms
  3 dart slugs
  7 orcs
  9 endoplasms
  4 giant cockroaches
  21 goblins
  8 hobgoblins
  11 jackals
  2 quokkas (D:1)
  6 ball pythons
  5 bats
  4 frilled lizards
  5 kobolds
  4 rats
122 creatures vanquished.

Notes
Turn   | Place    | Note
-------+----------+-------------------------------------------
     0 | D:1      | erker the Formicid Monk began the quest for the Orb.
     0 | D:1      | Reached XP level 1. HP: 18/18 MP: 1/1
    49 | D:1      | Reached XP level 2. HP: 8/24 MP: 2/2
   504 | D:1      | Reached XP level 3. HP: 29/29 MP: 3/3
   553 | D:1      | Found a faded altar of an unknown god.
  1403 | D:2      | Reached XP level 4. HP: 33/35 MP: 4/4
  1522 | D:2      | Found Berumirph's Antique Weapon Shoppe.
  2145 | D:2      | Reached skill level 4 in Long Blades
  2147 | D:2      | Reached skill level 1 in Armour
  2147 | D:2      | Reached XP level 5. HP: 3/39 MP: 5/5
  2527 | D:3      | Found an ornate altar of the Wu Jian Council.
  2536 | D:3      | Became a worshipper of the Wu Jian Council
  2536 | D:3      | Reached * piety under Wu Jian
  2536 | D:3      | Reached ** piety under Wu Jian
  3610 | D:3      | Identified the +0 helmet "Cuseig" {+Inv rC+ Dex+3}
  3610 | D:3      | Noticed Robin
  3711 | D:3      | Killed Robin
  3915 | D:4      | Found a shimmering blue altar of Sif Muna.
  3915 | D:4      | Found a hazy altar of Hepliaklqana.
  3927 | D:4      | Noticed Ijyb
  3946 | D:4      | Killed Ijyb
  4036 | D:4      | Reached XP level 6. HP: 32/47 MP: 6/6
  4039 | D:4      | Found a snail-covered altar of Cheibriados.
  4350 | D:4      | Noticed a necrophage
  4355 | D:4      | Reached skill level 5 in Long Blades
  4836 | D:4      | Noticed Edmund
  5464 | D:5      | Entered Level 5 of the Dungeon
  5471 | D:5      | Found a stormy altar of Qazlal.
  5501 | D:5      | Found an opulent altar of Gozag.
  5557 | D:5      | Noticed a sky beast
  5596 | D:5      | Killed a sky beast
  5597 | D:5      | Reached skill level 6 in Long Blades
  5597 | D:5      | Reached XP level 7. HP: 26/52 MP: 7/7
  6152 | D:6      | Reached skill level 5 in Dodging
  6167 | D:6      | Reached *** piety under Wu Jian
  6528 | D:6      | Reached XP level 8. HP: 39/58 MP: 8/8
  6715 | D:6      | You fall into a shaft and drop 3 floors!
  6881 | D:6      | Found Plog's Antique Weapon Boutique.
  6955 | D:6      | Found a staircase to the Ecumenical Temple.
  7487 | D:6      | Reached skill level 7 in Long Blades
  7956 | D:7      | Slain by an orc priest

Illustrated notes

Levels and vault maps discovered:
D:1:      amcnicky_arrival_flooded_fountain, layout_loops_ring,
          basic_ecumenical_altar
D:2:      layout_basic, serial_shops, nicolae_shop_hallway_stairs
D:3:      kennysheep_goblin_castle, layout_loops_corners,
          nicolae_wu_jian_wuxing_cycle, hangedman_feature_mirror
D:4:      layout_basic, lemuel_tele_altar,
          chequers_temple_overflow_statue_of_worship, minmay_cut_off, uniq_ijyb,
          uniq_edmund
D:5:      layout_cave_pools, grunt_gozag_breadcrumbs,
          nicolae_qazlal_general_emergency
D:6:      layout_basic, minmay_temple_entry_mist, serial_shops, shop
D:7:      layout_cave_pools
D:8:      kennysheep_six_static_rooms, layout_loops_cross,
          general_overflow_altar, chequers_mini_garden,
          kennysheep_generic_room_5
D:9:      layout_basic, mainiacjoe_overflow_small_starburst, trog_butcher_becter

Skill      XL: |  1  2  3  4  5  6  7  8 |
---------------+-------------------------+-----
Dodging        | 3 4 5 6 |  6.0
Long Blades    | 4 6 7 |  7.5
Armour         | 1 4 |  4.0
Fighting       | |  3.2
Stealth        | |  2.4

Action                   |  1- 3 |  4- 6 |  7- 9 || total
-------------------------+-------+-------+-------++-------
Melee: Falchion          |   108 |   273 |   186 ||   567
       Punch             |     1 |     4 |     3 ||     8
Invok: Lunge             |       |    18 |    12 ||    30
       Whirlwind         |       |    17 |    15 ||    32
 Abil: Dig               |       |     1 |       ||     1
       Wall Jump         |       |     3 |    11 ||    14
 Stab: Sleeping          |     4 |     1 |     1 ||     6
Armor: Robe              |    16 |       |       ||    16
       Ring mail         |       |    85 |    72 ||   157
Dodge: Dodged            |    72 |   174 |    94 ||   340
Block: Other             |       |     5 |    38 ||    43
